 Dungeon Crawl Stone Soup version 0.19.1 (webtiles) character file.

113 IrkenScum the Shield-Bearer (level 5, -1/42 HPs)
             Began as a Human Fighter on Dec 7, 2016.
             Killed by divine providence
             ... invoked by an orc priest
              (16 damage)
             ... on level 3 of the Dungeon.
             The game lasted 00:34:20 (2503 turns).

IrkenScum the Shield-Bearer (Human Fighter)         Turns: 2503, Time: 00:34:21

Health: -1/42      AC: 12    Str: 17    XL:     5   Next: 17%
Magic:  5/5        EV:  5    Int:  8    God:
Gold:   114        SH:  9    Dex: 13    Spells: 0 memorised, 4 levels left

rFire  . . .     SeeInvis .     a - +0 long sword
rCold  + . .     Gourm    .     r - +0 chain mail
rNeg   . . .     Faith    .     c - +0 shield
rPois  .         Spirit   .     (no helmet)
rElec  .         Reflect  .     p - +0 cloak
rCorr  +         Harm     .     j - +1 pair of gloves
MR     .....                    (no boots)
Stlth  ..........               q - amulet of magic regeneration
                                m - ring of protection from cold
                                e - ring of resist corrosion

@: no status effects
A: no striking features
a: no special abilities


You were on level 3 of the Dungeon.
You were not hungry.

You visited 1 branch of the dungeon, and saw 3 of its levels.

You collected 114 gold pieces.

Inventory:

Hand Weapons
 a - a +0 long sword (weapon)
 h - a +0 whip
Missiles
 l - 25 sling bullets
 n - 111 stones (quivered)
 t - 37 arrows
Armour
 c - a +0 shield (worn)
 j - a +1 pair of gloves (worn)
 p - a +0 cloak (worn)
 r - a +0 chain mail (worn)
Jewellery
 e - a ring of resist corrosion (left hand)
 m - a ring of protection from cold (right hand)
 q - an amulet of magic regeneration (around neck)
Scrolls
 g - a scroll of magic mapping {unknown}
 i - 3 scrolls of teleportation {unknown}
 k - a scroll of enchant weapon {unknown}
 s - a scroll of noise {unknown}
 v - a scroll of identify {unknown}
Potions
 b - a potion of heal wounds {unknown}
 d - 2 potions of might
 o - a potion of brilliance {unknown}
Comestibles
 f - 2 bread rations
 u - a chunk of flesh


   Skills:
 + Level 3.7 Fighting
 + Level 3.1 Long Blades
 + Level 3.4 Armour
 + Level 0.4 Dodging
 + Level 3.8 Shields


You had 4 spell levels left.
You didn't know any spells.

Dungeon Overview and Level Annotations

Branches:
Dungeon (3/15)

Altars:
Nemelex Xobeh
Vehumet


Message History

You kill the orc!
The orc priest complains loudly.
You closely miss the orc. You block the orc's attack.
The orc hits you with a dagger.
You hit the orc but do no damage. The orc hits you but does no damage.
You hit the orc.
The orc is heavily wounded.
The orc hits you but does no damage. You block the orc's attack.
You closely miss the orc.
The orc is heavily wounded.
The orc hits you but does no damage.
The orc priest invokes the aid of Beogh against you.
Beogh smites you!
You hit the orc.
You kill the orc!
You hit the orc priest.
The orc priest is lightly wounded.
The orc priest calls down the wrath of Beogh upon you.
Beogh smites you!
You die...

##.#####.##### ###......#.....#
#....#....####.# #.#...<#.....#.#
#.##..))#....#.##################
#.<....).........................
....###.#....#.#######..........#
.............#.#######..........#
....###>........@ooo.'...........
.......####+##########..........#
....### ############ ....


You could see an orc priest and 2 orcs.

Vanquished Creatures
  An orc priest (D:3)
  3 adders
  A worm (D:3)
  A dart slug (D:1)
  A leopard gecko (D:2)
  5 orcs (D:3)
  3 giant cockroaches
  2 goblins
  4 hobgoblins
  2 quokkas (D:2)
  8 bats
  A frilled lizard (D:2)
  6 kobolds
  8 rats
46 creatures vanquished.

Notes
Turn   | Place    | Note
-------+----------+-------------------------------------------
     0 | D:1      | IrkenScum the Human Fighter began the quest for the Orb.
     0 | D:1      | Reached XP level 1. HP: 18/18 MP: 1/1
   296 | D:1      | Reached XP level 2. HP: 24/24 MP: 2/2
   806 | D:1      | Reached XP level 3. HP: 29/29 MP: 3/3
  1152 | D:2      | Found a faded altar of an unknown god.
  1408 | D:2      | Found a sparkling altar of Nemelex Xobeh.
  1883 | D:2      | Found a radiant altar of Vehumet.
  1910 | D:2      | Reached XP level 4. HP: 23/35 MP: 4/4
  2374 | D:3      | Reached XP level 5. HP: 15/42 MP: 5/5
  2503 | D:3      | Killed from afar by an orc priest

Skill      XL: |  1  2  3  4 |
---------------+-------------+-----
Long Blades    | 3 |  3.1
Fighting       | |  3.7
Armour         | |  3.4
Dodging        | |  0.4
Shields        | |  3.8

Action                   |  1- 3 |  4- 6 || total
-------------------------+-------+-------++-------
Melee: Long sword        |   113 |    74 ||   187
Throw: Stone             |     1 |       ||     1
  Eat: Fruit             |     3 |       ||     3
       Chunk             |     1 |     1 ||     2
       Bread ration      |       |     1 ||     1
Armor: Scale mail        |    30 |       ||    30
       Chain mail        |    44 |    58 ||   102
Dodge: Dodged            |    38 |    16 ||    54
Block: Shield            |    65 |    54 ||   119
       Rpst.: Long sword |    10 |     6 ||    16
